TOP OF THE 1ST |
Summit Red Dragons batting - Pitching for Oneonta Indians : LHP Steve K Davis
|
Pitching: LHP Steve K Davis
|
|
Batting: RHB Dana Williams
|
0-0: Called Strike 0-1: Ball 1-1: Ball 2-1: Fly out, F3 (Line Drive, 3, EV 73.1 MPH)
|
Batting: RHB Kenneth Gordon
|
0-0: Fly out, F9 (Flyball, 9, EV 89.4 MPH)
|
Batting: SHB Mark T McLemore
|
0-0: Ball 1-0: Ball 2-0: Ball 3-0: Called Strike 3-1: Base on Balls
|
Batting: RHB Kash Beauchamp
|
0-0: Ball 1-0: Ball 2-0: Foul Ball, location: 2F 2-1: Fly out, F7 (Line Drive, 7, EV 103.1 MPH)
|
Top of the 1st over - 0 runs, 0 hits, 0 errors, 1 left on base; Summit 0 - Oneonta 0 |
BOTTOM OF THE 1ST |
Oneonta Indians batting - Pitching for Summit Red Dragons : LHP Jeff Morris
|
Pitching: LHP Jeff Morris
|
|
Batting: RHB Keith Flenoir
|
0-0: Called Strike 0-1: Ground out 3-1 (Groundball, 34, EV 88.1 MPH)
|
Batting: RHB Richard James
|
0-0: Fly out, F8 (Flyball, 8RD, EV 85.6 MPH)
|
Batting: LHB Lenny Nay
|
0-0: Ball 1-0: Ball 2-0: Ball 3-0: Called Strike 3-1: Base on Balls
|
Batting: LHB Frank Martinez
|
0-0: Called Strike 0-1: Fly out, F6 (Flyball, 56D, EV 92.5 MPH)
|
Bottom of the 1st over - 0 runs, 0 hits, 0 errors, 1 left on base; Summit 0 - Oneonta 0 |
TOP OF THE 2ND |
Summit Red Dragons batting - Pitching for Oneonta Indians : LHP Steve K Davis
|
Batting: RHB James Stassi
|
0-0: Called Strike 0-1: Swinging Strike 0-2: Ball 1-2: Fly out, F8 (Flyball, 78D, EV 86.9 MPH)
|
Batting: RHB John Smith
|
0-0: Called Strike 0-1: Ball 1-1: Ball 2-1: Ball 3-1: Base on Balls
|
Batting: RHB Colacito Sanchez
|
0-0: Swinging Strike 0-1: Ball 1-1: Ball 2-1: Called Strike 2-2: Foul Ball, location: 2F 2-2: Foul Ball, location: 2F 2-2: Strikes out swinging
|
Batting: LHB Brian McGan
|
0-0: Ball 1-0: Ball 2-0: Ground out 4-3 (Groundball, 34, EV 86.9 MPH)
|
Top of the 2nd over - 0 runs, 0 hits, 0 errors, 1 left on base; Summit 0 - Oneonta 0 |
BOTTOM OF THE 2ND |
Oneonta Indians batting - Pitching for Summit Red Dragons : LHP Jeff Morris
|
Batting: RHB Marcos Rodriguez
|
0-0: Called Strike 0-1: Ground out 6-3 (Groundball, 6, EV 87.5 MPH)
|
Batting: RHB Thomas Mohr
|
0-0: Ball 1-0: Ball 2-0: Ball 3-0: Base on Balls
|
Batting: LHB Chris Forgione
|
0-0: Swinging Strike 0-1: Ball 1-1: Called Strike 1-2: Ball 2-2: Ball 3-2: Foul Ball, location: 2F 3-2: Base on Balls Thomas Mohr to second
|
Batting: LHB Gary Venner
|
0-0: Called Strike 0-1: Ball 1-1: Called Strike 1-2: Ball 2-2: Foul Ball, location: 2F 2-2: Foul Ball, location: 2F 2-2: Ball 3-2: Base on Balls Thomas Mohr to third Chris Forgione to second
|
Batting: RHB Alberto Zappala
|
0-0: Ball 1-0: Foul Ball, location: 2F 1-1: Grounds into double play, 6-4-3 (Groundball, 6, EV 109.4 MPH)
|
Bottom of the 2nd over - 0 runs, 0 hits, 0 errors, 2 left on base; Summit 0 - Oneonta 0 |
TOP OF THE 3RD |
Summit Red Dragons batting - Pitching for Oneonta Indians : LHP Steve K Davis
|
Batting: RHB Howard Nichols
|
0-0: Ball 1-0: Foul Ball, location: 2F 1-1: Fly out, F8 (Flyball, 8RXD, EV 97.5 MPH)
|
Batting: RHB Dana Williams
|
0-0: Ball 1-0: SINGLE (Line Drive, 4MD, EV 107.5 MPH)
|
Batting: RHB Kenneth Gordon
|
0-0: Ball 1-0: Called Strike 1-1: Ball 2-1: Foul Ball, location: 2F 2-2: Foul Ball, location: 2F 2-2: Ball 3-2: Base on Balls Dana Williams to second
|
Batting: SHB Mark T McLemore
|
0-0: Foul Ball, location: 2F 0-1: Foul Ball, location: 2F 0-2: Ball 1-2: Ball 2-2: Ball 3-2: Base on Balls Dana Williams to third Kenneth Gordon to second
|
Batting: RHB Kash Beauchamp
|
0-0: Called Strike 0-1: Foul Ball, location: 2F 0-2: Ball 1-2: Foul Ball, location: 2F 1-2: Ball 2-2: Strikes out swinging
|
Batting: RHB James Stassi
|
0-0: Ball 1-0: Fielders Choice at 2nd, U6 (Groundball, 6M, EV 90.0 MPH)
|
Top of the 3rd over - 0 runs, 1 hit, 0 errors, 3 left on base; Summit 0 - Oneonta 0 |
BOTTOM OF THE 3RD |
Oneonta Indians batting - Pitching for Summit Red Dragons : LHP Jeff Morris
|
Batting: RHB Keith Flenoir
|
0-0: Ball 1-0: Swinging Strike 1-1: Foul Ball, location: 2F 1-2: Foul Ball, location: 2F 1-2: Strikes out looking
|
Batting: RHB Richard James
|
0-0: Swinging Strike 0-1: Ball 1-1: Foul Ball, location: 2F 1-2: SINGLE (Groundball, 6MD, EV 103.1 MPH)
|
Batting: LHB Lenny Nay
|
0-0: Ball 1-0: Fly out, F7 (Flyball, 7LS, EV 91.3 MPH)
|
Batting: LHB Frank Martinez
|
0-0: Ball 1-0: Foul Ball, location: 2F 1-1: Ball 2-1: Fielders Choice at 2nd, 6-4 (Groundball, 6, EV 110.0 MPH)
|
Bottom of the 3rd over - 0 runs, 1 hit, 0 errors, 1 left on base; Summit 0 - Oneonta 0 |
TOP OF THE 4TH |
Summit Red Dragons batting - Pitching for Oneonta Indians : LHP Steve K Davis
|
Batting: RHB John Smith
|
0-0: Ball 1-0: Foul Ball, location: 2F 1-1: Ball 2-1: Fly out, F8 (Flyball, 8LD, EV 100.6 MPH)
|
Batting: RHB Colacito Sanchez
|
0-0: Ball 1-0: Foul Ball, location: 2F 1-1: Foul Ball, location: 2F 1-2: Ball 2-2: Ball 3-2: Foul Ball, location: 2F 3-2: Foul Ball, location: 2F 3-2: Base on Balls
|
Batting: LHB Brian McGan
|
0-0: Ball 1-0: Ball Pickoff Throw by Catcher to First - Out! 2-0: Ball 3-0: Called Strike 3-1: SOLO HOME RUN (Flyball, 9D, EV 111.9 MPH), Distance : 347 ft
|
Batting: RHB Howard Nichols
|
0-0: Ground out 5-3 (Groundball, 56, EV 82.5 MPH)
|
Top of the 4th over - 1 run, 1 hit, 0 errors, 0 left on base; Summit 1 - Oneonta 0 |
BOTTOM OF THE 4TH |
Oneonta Indians batting - Pitching for Summit Red Dragons : LHP Jeff Morris
|
Batting: RHB Marcos Rodriguez
|
0-0: Fly out, F2 (Popup, 2L, EV 93.8 MPH)
|
Batting: RHB Thomas Mohr
|
0-0: Called Strike 0-1: Ball 1-1: Ground out 4-3 (Groundball, 4, EV 99.4 MPH)
|
Batting: LHB Chris Forgione
|
0-0: Ball 1-0: Ball 2-0: Ball 3-0: Called Strike 3-1: Base on Balls
|
Batting: LHB Gary Venner
|
0-0: Fly out, F5 (Popup, 56S, EV 78.8 MPH)
|
Bottom of the 4th over - 0 runs, 0 hits, 0 errors, 1 left on base; Summit 1 - Oneonta 0 |
TOP OF THE 5TH |
Summit Red Dragons batting - Pitching for Oneonta Indians : LHP Steve K Davis
|
Batting: RHB Dana Williams
|
0-0: Ball 1-0: Foul Ball, location: 2F 1-1: SINGLE (Groundball, 4MD, EV 105.0 MPH)
|
Batting: RHB Kenneth Gordon
|
0-0: Ball 1-0: Bunt missed! 1-1: Ball 2-1: Sac Bunt to 13S - play at first, batter safe! Dana Williams to second
|
Batting: SHB Mark T McLemore
|
0-0: Called Strike 0-1: Swinging Strike 0-2: Ball 1-2: Foul Ball, location: 2F 1-2: Ball 2-2: Foul Ball, location: 2F 2-2: Foul Ball, location: 2F 2-2: Ball 3-2: Base on Balls Dana Williams to third Kenneth Gordon to second
|
Batting: RHB Kash Beauchamp
|
0-0: Foul Ball, location: 2F 0-1: Swinging Strike 0-2: Foul Ball, location: 2F 0-2: Strikes out swinging
|
Batting: RHB James Stassi
|
0-0: Ball 1-0: Foul Ball, location: 2F 1-1: Foul Ball, location: 2F 1-2: Foul Ball, location: 2F 1-2: Ball 2-2: Grounds into double play, 5-4-3 (Groundball, 5, EV 103.1 MPH)
|
Top of the 5th over - 0 runs, 2 hits, 0 errors, 2 left on base; Summit 1 - Oneonta 0 |
BOTTOM OF THE 5TH |
Oneonta Indians batting - Pitching for Summit Red Dragons : LHP Jeff Morris
|
Batting: RHB Alberto Zappala
|
0-0: Reached on error, E6 (Groundball, 6, EV 102.5 MPH)
|
Batting: RHB Keith Flenoir
|
0-0: Ball 1-0: Sac Bunt to 15S - play at first, batter OUT! 1-3 Alberto Zappala to third
|
Batting: RHB Richard James
|
0-0: Called Strike 0-1: Swinging Strike 0-2: Ball 1-2: Strikes out swinging
|
Batting: LHB Lenny Nay
|
0-0: Fly out, F9 (Flyball, 9LS, EV 76.3 MPH)
|
Bottom of the 5th over - 0 runs, 0 hits, 1 error, 1 left on base; Summit 1 - Oneonta 0 |
TOP OF THE 6TH |
Summit Red Dragons batting - Pitching for Oneonta Indians : LHP Steve K Davis
|
Batting: RHB John Smith
|
0-0: Foul Ball, location: 2F 0-1: Foul Ball, location: 2F 0-2: Ground out 5-3 (Groundball, 5L, EV 75.6 MPH)
|
Batting: RHB Colacito Sanchez
|
0-0: Ball 1-0: Swinging Strike 1-1: TRIPLE (Flyball, 89XD, EV 92.5 MPH)
|
Batting: LHB Brian McGan
|
0-0: Ball 1-0: Swinging Strike 1-1: DOUBLE (Line Drive, 9LM, EV 105.6 MPH) Colacito Sanchez scores
|
Pitching: RHP Jeff Mihlbachler
|
|
Batting: RHB Howard Nichols
|
0-0: Ball 1-0: Ball 2-0: Called Strike 2-1: DOUBLE (Line Drive, 78M, EV 105.0 MPH) Brian McGan scores
|
Batting: RHB Dana Williams
|
0-0: Ball 1-0: Ball 2-0: Called Strike 2-1: Foul Ball, location: 2F 2-2: Foul Ball, location: 2F 2-2: Ground out 3-1 (Groundball, 34, EV 96.3 MPH) Howard Nichols to third
|
Batting: RHB Kenneth Gordon
|
0-0: Called Strike 0-1: Swinging Strike 0-2: Ball 1-2: Ball 2-2: Foul Ball, location: 2F 2-2: Ball 3-2: Base on Balls
|
Batting: SHB Mark T McLemore
|
0-0: Ball 1-0: Ball 2-0: Called Strike 2-1: Foul Ball, location: 2F 2-2: Foul Ball, location: 2F 2-2: Strikes out looking
|
Top of the 6th over - 2 runs, 3 hits, 0 errors, 2 left on base; Summit 3 - Oneonta 0 |
BOTTOM OF THE 6TH |
Oneonta Indians batting - Pitching for Summit Red Dragons : LHP Jeff Morris
|
Batting: LHB Frank Martinez
|
0-0: Foul Ball, location: 2F 0-1: Ball 1-1: Ground out 6-3 (Groundball, 6D, EV 105.0 MPH)
|
Batting: RHB Marcos Rodriguez
|
0-0: Fly out, F8 (Line Drive, 8LD, EV 91.3 MPH)
|
Batting: RHB Thomas Mohr
|
0-0: Ball 1-0: Ball 2-0: Called Strike 2-1: Ball 3-1: Base on Balls
|
Batting: LHB Chris Forgione
|
0-0: SINGLE (Groundball, 4D, EV 104.4 MPH) Thomas Mohr to second Runner from 2nd tries for 3rd, SAFE, throw by CF made to third
|
Batting: LHB Gary Venner
|
0-0: Called Strike 0-1: Ball 1-1: Swinging Strike 1-2: Strikes out swinging
|
Bottom of the 6th over - 0 runs, 1 hit, 0 errors, 2 left on base; Summit 3 - Oneonta 0 |
TOP OF THE 7TH |
Summit Red Dragons batting - Pitching for Oneonta Indians : RHP Jeff Mihlbachler
|
Batting: RHB Kash Beauchamp
|
0-0: Swinging Strike 0-1: Foul Ball, location: 2F 0-2: Strikes out swinging
|
Batting: RHB James Stassi
|
0-0: Ball 1-0: Called Strike 1-1: Foul Ball, location: 2F 1-2: Foul Ball, location: 2F 1-2: Strikes out swinging
|
Batting: RHB John Smith
|
0-0: Ball 1-0: Foul Ball, location: 2F 1-1: Fly out, F7 (Flyball, 7, EV 79.4 MPH)
|
Top of the 7th over - 0 runs, 0 hits, 0 errors, 0 left on base; Summit 3 - Oneonta 0 |
BOTTOM OF THE 7TH |
Oneonta Indians batting - Pitching for Summit Red Dragons : LHP Jeff Morris
|
Batting: RHB Alberto Zappala
|
0-0: Foul Ball, location: 2F 0-1: SINGLE (Line Drive, 7S, EV 100.0 MPH)
|
Batting: RHB Keith Flenoir
|
0-0: Swinging Strike 0-1: Swinging Strike 0-2: Strikes out looking
|
Batting: RHB Richard James
|
0-0: Fly out, F8 (Flyball, 78XD, EV 101.3 MPH)
|
Batting: LHB Lenny Nay
|
0-0: SINGLE (Line Drive, 78S, EV 103.1 MPH) Alberto Zappala to second
|
Batting: LHB Frank Martinez
|
0-0: Ball 1-0: Ball 2-0: Called Strike 2-1: Ball 3-1: Foul Ball, location: 2F 3-2: Fly out, F7 (Flyball, 7, EV 80.6 MPH)
|
Bottom of the 7th over - 0 runs, 2 hits, 0 errors, 2 left on base; Summit 3 - Oneonta 0 |
TOP OF THE 8TH |
Summit Red Dragons batting - Pitching for Oneonta Indians : RHP Jeff Mihlbachler
|
Batting: RHB Colacito Sanchez
|
0-0: Fly out, F9 (Flyball, 89D, EV 95.6 MPH)
|
Batting: LHB Brian McGan
|
0-0: Ball 1-0: Ground out 4-3 (Groundball, 4MS, EV 63.1 MPH)
|
Batting: RHB Howard Nichols
|
0-0: Foul Ball, location: 2F 0-1: Foul Ball, location: 2F 0-2: Ball 1-2: Strikes out swinging, 2-3 out at first.
|
Top of the 8th over - 0 runs, 0 hits, 0 errors, 0 left on base; Summit 3 - Oneonta 0 |
BOTTOM OF THE 8TH |
Oneonta Indians batting - Pitching for Summit Red Dragons : LHP Jeff Morris
|
Batting: RHB Marcos Rodriguez
|
0-0: Ball 1-0: Called Strike 1-1: Foul Ball, location: 2F 1-2: Strikes out swinging
|
Batting: RHB Thomas Mohr
|
0-0: Called Strike 0-1: Ball 1-1: SINGLE (Groundball, 6D, EV 102.5 MPH)
|
Batting: LHB Chris Forgione
|
0-0: Called Strike 0-1: Foul Ball, location: 2F 0-2: Ball 1-2: Grounds into double play, 6-4-3 (Groundball, 6S, EV 87.5 MPH)
|
Bottom of the 8th over - 0 runs, 1 hit, 0 errors, 0 left on base; Summit 3 - Oneonta 0 |
TOP OF THE 9TH |
Summit Red Dragons batting - Pitching for Oneonta Indians : RHP Jeff Mihlbachler
|
Batting: RHB Dana Williams
|
0-0: Ball 1-0: Ball 2-0: Fly out, F8 (Flyball, 8RS, EV 88.8 MPH)
|
Batting: RHB Kenneth Gordon
|
0-0: Ground out 1-3 (Groundball, 15S, EV 63.8 MPH)
|
Batting: SHB Mark T McLemore
|
0-0: Foul Ball, location: 2F 0-1: Ball 1-1: Called Strike 1-2: SINGLE (Line Drive, 7S, EV 106.9 MPH)
|
Batting: RHB Kash Beauchamp
|
0-0: Foul Ball, location: 2F 0-1: Swinging Strike 0-2: Ball Mark T McLemore is caught stealing 2nd base 2-4
|
Top of the 9th over - 0 runs, 1 hit, 0 errors, 0 left on base; Summit 3 - Oneonta 0 |
BOTTOM OF THE 9TH |
Oneonta Indians batting - Pitching for Summit Red Dragons : LHP Jeff Morris
|
Now at 2B: Wilmont Reedy
|
|
Now at 3B: Mark Henderson
|
|
Now in RF: Lou Thornton
|
|
Batting: LHB Gary Venner
|
0-0: Ball 1-0: Fly out, F8 (Flyball, 8RM, EV 96.3 MPH)
|
Batting: RHB Alberto Zappala
|
0-0: Foul Ball, location: 2F 0-1: Ball 1-1: Swinging Strike 1-2: Foul Ball, location: 2F 1-2: Ball 2-2: Foul Ball, location: 2F 2-2: Strikes out looking
|
Batting: RHB Keith Flenoir
|
0-0: Called Strike 0-1: Fly out, F6 (Line Drive, 6, EV 65.6 MPH)
|
Bottom of the 9th over - 0 runs, 0 hits, 0 errors, 0 left on base; Summit 3 - Oneonta 0 |
|